[Event "Live Chess"]
[Site "Chess.com"]
[Date "2024.06.02"]
[Round "-"]
[White "missedJariChance"]
[Black "nigelst"]
[Result "0-1"]
[WhiteElo "1380"]
[BlackElo "1726"]
[TimeControl "300"]
[EndTime "7:15:12 PDT"]
[Termination "nigelst won by checkmate"]

1. b3 e5 2. Bb2 Nc6 3. e3 d5 4.
Nf3 Bd6 5. c4 dxc4 6. Bxc4 Nf6 7. O-O Bg4 8. Be2 O-O 9. Nc3 Re8 10.
Nb5 a6 11. Nxd6 Qxd6 12. h3 Bh5 13. Nxe5 Bxe2 14. Qxe2 Nxe5 15. d4 Nc6 16. Rfd1 Ne4 17. Qg4 Qg6 18. Qe2 Ng5 19. d5 Ne5 20. f4 Nxh3+ 21. Kf1 Ng4 22. gxh3 Nxe3+ 23. Kf2 Qg2+ 24. Ke1 Nc2+ 25. Kd2 Rxe2+ 26. Kc1 Ne3 27. Rg1 Qxg1# 0-1

[Event "Live Chess"]
[Site "Chess.com"]
[Date "2024.06.02"]
[Round "-"]
[White "grillage"]
[Black "booktrunk"]
[Result "1-0"]
[WhiteElo "1874"]
[BlackElo "1495"]
[TimeControl "300"]
[EndTime "7:15:30 PDT"]
[Termination "grillage won by resignation"]

1. d4 e6 2. e4 h6 3. Nf3 b6 4. Bd3 Bb7 5. O-O Be7 6. Bf4 g5 7. Bg3 Nf6 8. Re1 Nh5 9. Be5 f6 10. Bg3 Nxg3 11. hxg3 h5 12. c4 c6 13. d5 cxd5 14.
exd5 g4 15. Bg6+ Kf8 16. Nh4 Rg8 17. dxe6 dxe6 18. Qe2 e5 19. Nc3 Kg7 20. Rad1 Qc8 21. Bxh5 Qc6 22. Bxg4 Rh8 23. Bf3 Qc7 24. Nf5+ Kf7 25.
Bxb7 Qxb7 26. Nd5 Re8 27. Qh5+ Ke6 28. Ng7+ 1-0

[Event "Live Chess"]
[Site "Chess.com"]
[Date "2024.06.02"]
[Round "-"]
[White "DJ_Lambton"]
[Black "Inglaterra"]
[Result "1-0"]
[WhiteElo "1818"]
[BlackElo "2046"]
[TimeControl "300"]
[EndTime "7:15:35 PDT"]
[Termination "DJ_Lambton won by resignation"]

1. c4 e6 2. g3 Nf6 3. Nf3 d5 4. Bg2 Be7 5. O-O O-O 6. b3 c5 7.
Bb2 Nc6 8. d4 dxc4 9. bxc4 Bd7 10. d5 exd5 11. cxd5 Nxd5 12. Qxd5 Be6 13. Qxd8 Rfxd8 14. Nc3 Rac8 15. Rad1 b6 16. Rxd8+ Rxd8 17. Rd1 Rc8 18.
a3 Na5 19. Ne5 f6 20. Nd3 Nc4 21. Bc1 Kf8 22. Nf4 Bf5 23. e4 1-0

[Event "Live Chess"]
[Site "Chess.com"]
[Date "2024.06.02"]
[Round "-"]
[White "wadsy27"]
[Black "resipsa6"]
[Result "1-0"]
[WhiteElo "2594"]
[BlackElo "2026"]
[TimeControl "300"]
[EndTime "7:15:36 PDT"]
[Termination "wadsy27 won by resignation"]

1. d4 Nf6 2. c4 g6 3. Nc3 d5 4. cxd5 Nxd5 5. e4 Nxc3 6. bxc3 Bg7 7. Nf3 c5 8. Be2 O-O 9. O-O Nc6 10. Be3 cxd4 11. cxd4 e6 12. Rb1 b6 13. d5 exd5 14.
exd5 Ne5 15. Nxe5 Bxe5 16. Bf3 Bg7 17. d6 Ba6 18. Bxa8 Bxf1 19. Qxf1 Qxa8 20. Rd1 Rd8 21. Qb5 Qb7 22. d7 Bf8 23. Bg5 a6 24. Bxd8 axb5 25. Bf6 1-0

[Event "Live Chess"]
[Site "Chess.com"]
[Date "2024.06.02"]
[Round "-"]
[White "KeithArkell"]
[Black "Plimsol"]
[Result "1/2-1/2"]
[WhiteElo "2423"]
[BlackElo "2358"]
[TimeControl "300"]
[EndTime "7:15:41 PDT"]
[Termination "Game drawn by agreement"]

1. d4 e6 2. Nf3 Nf6 3. c4 b6 4. g3 Ba6 5. b3 Bb7 6. Bg2 Bb4+ 7. Bd2 a5 8. O-O O-O 9. Nc3 d6 10. a3 Bxc3 11. Bxc3 Nbd7 12. Qc2 Be4 13. Qb2 Qb8 14. b4 axb4 15. axb4 b5 16. Rxa8 Qxa8 17. Ra1 Qb7 18. cxb5 Nb6 19. Ne1 Bxg2 20. Nxg2 Nc4 21.
Qc2 Qxb5 22. Qd3 d5 23. Ne3 Nd6 24. Qxb5 Nxb5 25. Bb2 Ne4 26. f3 Ned6 27. Ra6 Rb8 28. Kf2 Kf8 29. Ke1 Ke7 30. Kd2 Kd7 31. Kd3 Kc8 32. g4 Kb7 33. Ra1 Ra8 34. Rxa8 Kxa8 35.
h4 Kb7 36. Bc1 g6 37. Ng2 Nc4 38. e4 Kc6 39. h5 Nbd6 40. Nf4 Nb6 41. Nh3 gxh5 42.
gxh5 f6 43. e5 fxe5 44. dxe5 Nf7 45. Kd4 Nd7 46. f4 Nh6 47. Ng5 Nf5+ 48. Kd3 Nf8 49. b5+ Kxb5 50. Ba3 c5 51. Nf7 h6 52. Nd6+ Kc6 53.
Nf7 Ng3 54. Nd8+ Kd7 55. Bxc5 Kxd8 56. Bxf8 Nxh5 57. Bxh6 Ke8 58. f5 exf5 59. Kd4 1/2-1/2

[Event "Live Chess"]
[Site "Chess.com"]
[Date "2024.06.02"]
[Round "-"]
[White "Queensandpawns"]
[Black "DoctorMantisTobogganMD"]
[Result "0-1"]
[WhiteElo "2287"]
[BlackElo "2230"]
[TimeControl "300"]
[EndTime "7:15:45 PDT"]
[Termination "DoctorMantisTobogganMD won by resignation"]

1. e4 c6 2. d4 g6 3. Nc3 Bg7 4. Nf3 d5 5. e5 Bg4 6. Be2 e6 7. Be3 Nd7 8. h3 Bxf3 9. Bxf3 a6 10. h4 h5 11. Qe2 c5 12. O-O-O cxd4 13. Bxd4 Ne7 14. g4 hxg4 15. Bxg4 Nf5 16. Bxf5 gxf5 17.
Nxd5 exd5 18. e6 fxe6 19. Bxg7 Kf7 20. Bxh8 Qxh8 21. h5 Qh6+ 22. Qe3 Qxe3+ 23. fxe3 Rh8 24. Rdg1 Rh6 25. Rh4 Nf6 26. Rgh1 Ng4 27. Kd2 Kf6 28. Kc3 Nxe3 29. R1h2 e5 30. Kb4 Ng4 31. Rh1 e4 32. Kc5 Ke5 33. Kb4 d4 34. Kc4 b5+ 35. Kb4 e3 36. c4 bxc4 37. Kxc4 Ke4 38. Kb3 d3 39. Kc3 Rc6+ 40. Kb3 d2 41. h6 Rxh6 42. Rxh6 Nxh6 43. Kc2 Ng4 44. Rh4 Kf3 45. Rh5 Ke2 0-1

[Event "Live Chess"]
[Site "Chess.com"]
[Date "2024.06.02"]
[Round "-"]
[White "PavelChernomordik"]
[Black "Crowded_House"]
[Result "1/2-1/2"]
[WhiteElo "2495"]
[BlackElo "1645"]
[TimeControl "300"]
[EndTime "7:15:57 PDT"]
[Termination "Game drawn by repetition"]

1. e4 e6 2. Nc3 d5 3. d4 dxe4 4. Nxe4 Bd7 5. Nf3 Bc6 6. Bd3 Nd7 7. Qe2 Ngf6 8. Neg5 h6 9. Nxe6 fxe6 10. Bg6+ Ke7 11.
Nh4 Nd5 12. Bf5 Qe8 13. Bxe6 Kd8 14. O-O Be7 15. Nf5 Bf6 16. c4 Ne7 17. Nxe7 Qxe7 18.
d5 Re8 19. dxc6 bxc6 20. Rd1 Qxe6 21. Qd2 Kc8 22. Qa5 Nb6 23. Bf4 Bg5 24. Re1 Qd7 25. Rxe8+ Qxe8 26. Bxg5 hxg5 27. Qxg5 Qf7 28. b3 Kb7 29. Re1 Re8 30. Rxe8 Qxe8 31. g3 Qe1+ 32. Kg2 Qe4+ 33. Kh3 Qd4 34. Kg2 Qe4+ 35. Kg1 Qe1+ 36. Kg2 Qe4+ 1/2-1/2

[Event "Live Chess"]
[Site "Chess.com"]
[Date "2024.06.02"]
[Round "-"]
[White "gmnorfolk"]
[Black "Anareza_Firouzja"]
[Result "1-0"]
[WhiteElo "2156"]
[BlackElo "1888"]
[TimeControl "300"]
[EndTime "7:16:06 PDT"]
[Termination "gmnorfolk won by resignation"]

1. d4 Nf6 2. Nf3 e6 3. c3 d5 4. Bg5 c5 5. Nbd2 Nc6 6. e3 cxd4 7. exd4 Be7 8. Bd3 h6 9. Bh4 Bd7 10. O-O O-O 11. Qe2 Ng4 12. Bg3 Nf6 13. Ne5 g6 14. Qe3 Kh7 15. Bf4 h5 16. Ndf3 Ng4 17. Nxg4 hxg4 18.
Ng5+ Kg7 19. f3 gxf3 20. Rxf3 Bf6 21. Raf1 Qe7 22. h4 e5 23. dxe5 Bxe5 24. Bxe5+ Qxe5 25. Rxf7+ Rxf7 26. Rxf7+ Kg8 27. Qf2 Bg4 28. Bxg6 d4 29.
Bh7+ Kh8 30. Rf8+ Kg7 1-0

[Event "Live Chess"]
[Site "Chess.com"]
[Date "2024.06.02"]
[Round "-"]
[White "TigerTank70"]
[Black "lateforthesky"]
[Result "1-0"]
[WhiteElo "2187"]
[BlackElo "2068"]
[TimeControl "300"]
[EndTime "7:16:14 PDT"]
[Termination "TigerTank70 won by checkmate"]

1. e4 c5 2. d4 cxd4 3. c3 dxc3 4. Nxc3 Nc6 5. Nf3 a6 6. Bc4 e6 7. Qe2 b5 8. Bb3 Na5 9. Bc2 Bb7 10. O-O Nf6 11. Bg5 Be7 12. Rfd1 h6 13. Bh4 O-O 14. Bxf6 Bxf6 15. Qd3 Rc8 16. e5 Be7 17. Qh7# 1-0

[Event "Live Chess"]
[Site "Chess.com"]
[Date "2024.06.02"]
[Round "-"]
[White "Mikhail_Golubev"]
[Black "NAZRIZ1977"]
[Result "1-0"]
[WhiteElo "2493"]
[BlackElo "2066"]
[TimeControl "300"]
[EndTime "7:16:17 PDT"]
[Termination "Mikhail_Golubev won by checkmate"]

1. e4 c5 2. Nf3 d6 3. d4 cxd4 4. Nxd4 Nf6 5. Nc3 g6 6. Be3 Bg7 7.
f3 O-O 8. Qd2 Nc6 9. Bc4 Bd7 10.
h4 Rc8 11. Nxc6 Bxc6 12. Bb3 h5 13. g4 hxg4 14. h5 Nxh5 15. fxg4 Ng3 16. O-O-O Bd7 17.
Qh2 Nxh1 18. Rxh1 Re8 19. Qh7+ Kf8 20. Bh6 e6 21. Qxg7+ Ke7 22. Bg5# 1-0

[Event "Live Chess"]
[Site "Chess.com"]
[Date "2024.06.02"]
[Round "-"]
[White "DylanMeyer1"]
[Black "Larchikov"]
[Result "0-1"]
[WhiteElo "1725"]
[BlackElo "2091"]
[TimeControl "300"]
[EndTime "7:16:19 PDT"]
[Termination "Larchikov won by resignation"]

1. c4 Nf6 2. Nc3 g6 3. g3 Bg7 4. Bg2 O-O 5. e3 c6 6. Nge2 d5 7. cxd5 cxd5 8. d4 Nc6 9. O-O a6 10. a3 b5 11. b4 Bb7 12. Bb2 Rc8 13. Rc1 e6 14. Nf4 Qb6 15. Nd3 a5 16. Nc5 axb4 17. axb4 Nxb4 18. Nxb7 Qxb7 19. Qb3 Na6 20. Ra1 b4 21. Na4 Nd7 22. Rfc1 Rxc1+ 23. Bxc1 Rc8 24. Bf1 Nac5 25. Qb1 Nxa4 26. Rxa4 Qc6 27. Rxb4 Qxc1 28. Qb3 Bf8 29. Rb8 Rxb8 30. Qxb8 Nxb8 0-1

[Event "Live Chess"]
[Site "Chess.com"]
[Date "2024.06.02"]
[Round "-"]
[White "GerardATHart"]
[Black "degringolade64"]
[Result "1-0"]
[WhiteElo "1393"]
[BlackElo "2070"]
[TimeControl "300"]
[EndTime "7:16:44 PDT"]
[Termination "GerardATHart won on time"]

1. e4 e5 2. Nf3 Nc6 3. Bb5 a6 4. Ba4 Nf6 5. d3 b5 6. Bb3 Bc5 7. c3 d6 8. O-O h6 9. h3 Bb6 10. Nbd2 O-O 11. Re1 Ne7 12. Nf1 Ng6 13. Ng3 Re8 14. d4 Bb7 15. d5 c6 16. a4 cxd5 17. axb5 axb5 18. Rxa8 Qxa8 19. exd5 Bxd5 20. Bxd5 Qxd5 21. Qxd5 Nxd5 22. Rd1 e4 23. Rxd5 exf3 24. Rxd6 Re1+ 25. Nf1 fxg2 26. Kxg2 Nh4+ 27. Kg1 Bxf2+ 28. Kxf2 Rxc1 29. Nd2 Rc2 30. Ke2 Rxb2 31. Rb6 Ng6 32. c4 Nf4+ 33. Ke3 Rxd2 34. Kxd2 bxc4 35. Rb4 Nxh3 36. Rxc4 Ng5 37. Ke2 g6 38. Kf2 Kg7 39. Kg2 h5 40. Kg3 Ne6 41. Ra4 g5 42. Kg2 Kg6 43.
Kg3 h4+ 44. Kg4 f5+ 45. Kh3 Nf4+ 46. Kh2 Kh5 47. Ra5 Kg4 48. Ra4 h3 49. Rb4 Kh4 50. Ra4 Kh5 51. Kg3 Ng6 52. Kxh3 f4 53. Kh2 g4 54. Kg2 Kh4 55. Kh1 f3 56. Kg1 Ne5 57. Kf2 Nd3+ 58. Kg1 Nc5 59. Rc4 Ne6 60. Kf2 Ng5 61.
Kg1 Nh3+ 62. Kh2 f2 63. Kg2 Kg5 64. Rc5+ Kf4 65. Rc4+ Kf5 66. Rc1 Ke4 67. Kf1 1-0

[Event "Live Chess"]
[Site "Chess.com"]
[Date "2024.06.02"]
[Round "-"]
[White "JoeyCage"]
[Black "Nazar-Makarchuk"]
[Result "1-0"]
[WhiteElo "2400"]
[BlackElo "1475"]
[TimeControl "300"]
[EndTime "7:16:45 PDT"]
[Termination "JoeyCage won by resignation"]

1. e4 d5 2. exd5 Qxd5 3. Qf3 Qxf3 4. Nxf3 Bg4 5. Ne5 Be6 6. Nc3 Nd7 7. Nxd7 Bxd7 8.
Nb5 Bxb5 9. Bxb5+ c6 10. Bc4 e6 11. d4 O-O-O 12. c3 Nf6 13. O-O Bd6 14. f4 Nd5 15. f5 exf5 16. Rxf5 Nf6 17. Bg5 Be7 18. Bxf7 Rdf8 19. Be6+ Kc7 20. Raf1 Nd5 21. Bxd5 Rxf5 22. Rxf5 Bxg5 23. Rxg5 cxd5 24. Rxd5 Re8 25. Kf2 Rf8+ 26.
Ke2 Re8+ 27. Kd2 Rf8 28. Re5 Rf2+ 29. Re2 Rf7 30. Ke3 Kd6 31. c4 Re7+ 32. Kd3 Rf7 33. b4 b6 34. c5+ bxc5 35. bxc5+ Kc6 36. Kc4 g6 37. d5+ Kb7 38. Kb5 Kc7 39. d6+ Kd7 40.
Re1 Rf2 41. Re7+ Kd8 42. Rxh7 Rxg2 43. Kc6 Re2 44. Rh8+ Re8 45. Rxe8+ Kxe8 46. Kc7 1-0

[Event "Live Chess"]
[Site "Chess.com"]
[Date "2024.06.02"]
[Round "-"]
[White "Pablo_dmp"]
[Black "ClassyChameleon"]
[Result "1-0"]
[WhiteElo "1983"]
[BlackElo "1546"]
[TimeControl "300"]
[EndTime "7:17:00 PDT"]
[Termination "Pablo_dmp won by checkmate"]

1. e4 e5 2. Nf3 Nc6 3. Bc4 Nf6 4. Ng5 Nxe4 5. Bxf7+ Ke7 6. d4 h6 7. Nxe4 Kxf7 8. Qf3+ Kg8 9. d5 Nd4 10. Qd3 d6 11. c3 Nf5 12. O-O Be7 13. f4 Bf6 14.
Nxf6+ Qxf6 15. fxe5 dxe5 16. Nd2 Bd7 17. Ne4 Qf7 18. c4 Rf8 19. Bd2 Qe7 20. Rf2 Nd4 21.
Raf1 Rxf2 22. Rxf2 b6 23. a3 a5 24. b4 axb4 25. Bxb4 Qh4 26. Rf8+ Kh7 27. Nf6# 1-0

[Event "Live Chess"]
[Site "Chess.com"]
[Date "2024.06.02"]
[Round "-"]
[White "Inglaterra"]
[Black "grillage"]
[Result "1-0"]
[WhiteElo "2050"]
[BlackElo "1870"]
[TimeControl "300"]
[EndTime "7:17:04 PDT"]
[Termination "Inglaterra won by resignation"]

1. e4 d5 2. exd5 Qxd5 3. Nf3 Bg4 4. Be2 Bxf3 5. Bxf3 Qe5+ 6. Be2 c5 7. O-O Nc6 8.
Bf3 Qc7 9. g3 e6 10. Re1 Nf6 11. Nc3 Be7 12. d3 O-O 13. Bf4 Bd6 14. Nb5 1-0

[Event "Live Chess"]
[Site "Chess.com"]
[Date "2024.06.02"]
[Round "-"]
[White "CheckThis4"]
[Black "stevochess11"]
[Result "1-0"]
[WhiteElo "2681"]
[BlackElo "1691"]
[TimeControl "300"]
[EndTime "7:17:14 PDT"]
[Termination "CheckThis4 won by checkmate"]

1. d4 Nf6 2. Nc3 d5 3. e4 dxe4 4.
f3 c5 5. d5 exf3 6. Nxf3 Nbd7 7. Bg5 b6 8. Bb5 e6 9. Qe2 Be7 10. O-O-O O-O 11. d6 Bxd6 12. Rxd6 h6 13. Bxf6 gxf6 14.
Bxd7 Bxd7 15. Rhd1 Qc7 16. Rxd7 Qc6 17. Qe3 Kh7 18.
Ne4 Qa4 19. Nxf6+ Kg6 20. Ne5+ Kxf6 21. Rf1+ Kg7 22. Rfxf7+ Rxf7 23. Rxf7+ Kg8 24. Qg3+ Kh8 25. Qg7# 1-0

[Event "Live Chess"]
[Site "Chess.com"]
[Date "2024.06.02"]
[Round "-"]
[White "wadsy27"]
[Black "KeithArkell"]
[Result "1-0"]
[WhiteElo "2598"]
[BlackElo "2419"]
[TimeControl "300"]
[EndTime "7:17:16 PDT"]
[Termination "wadsy27 won by resignation"]

1. c4 b6 2. d4 Bb7 3. Nc3 Nf6 4. d5 g6 5. Nf3 Bg7 6. g3 O-O 7. Bg2 c6 8. O-O cxd5 9. cxd5 b5 10. a3 Na6 11. Nd4 Nc7 12. e4 a6 13. Bf4 Nh5 14. Be3 e6 15. Rc1 Re8 16. d6 1-0

[Event "Live Chess"]
[Site "Chess.com"]
[Date "2024.06.02"]
[Round "-"]
[White "GrahamCuthbert"]
[Black "Pandreq"]
[Result "1-0"]
[WhiteElo "1049"]
[BlackElo "1237"]
[TimeControl "300"]
[EndTime "7:17:17 PDT"]
[Termination "GrahamCuthbert won by resignation"]

1. d4 d5 2. Bf4 Nf6 3. Nf3 c6 4. e3 Bg4 5. c4 e6 6. cxd5 exd5 7. Nc3 Bb4 8. a3 Ba5 9. b4 Bc7 10. Bg3 Bxg3 11. hxg3 Ne4 12. Qc2 Bf5 13. Bd3 Qe7 14. Ne5 f6 15. Nf3 O-O 16. Rh5 Bg6 17. Rh2 Qf7 18. Nh4 f5 19. Ke2 Nd7 20. Nf3 Rae8 21. Rah1 Qe6 22. Bxe4 fxe4 23. Ng5 Qf6 24. Nxh7 Qxf2+ 25. Kd1 Bxh7 26. Qxf2 Rxf2 27. Rxh7 Rxg2 28. Rh8+ Kf7 29.
R8h3 Nf6 30. Rf1 Ke6 31. Ne2 Ng4 32. Nf4+ Kd7 33. Nxg2 Nxe3+ 34. Nxe3 1-0

[Event "Live Chess"]
[Site "Chess.com"]
[Date "2024.06.02"]
[Round "-"]
[White "MagnersCarlsberg2870"]
[Black "LL220284LL"]
[Result "0-1"]
[WhiteElo "1782"]
[BlackElo "2467"]
[TimeControl "300"]
[EndTime "7:17:17 PDT"]
[Termination "LL220284LL won by resignation"]

1. d4 g6 2. e4 Bg7 3. Nf3 d6 4. h3 c6 5. a4 a5 6. Nc3 Nf6 7. Bc4 d5 8. exd5 cxd5 9. Bb5+ Nc6 10. Ne5 Bd7 11. Nxd7 Qxd7 12. O-O O-O 13. Re1 Qd6 14. g3 Rfd8 15. Bf4 Qb4 16. Bxc6 bxc6 17. Ra3 Nh5 18. Rb3 Qc4 19. Rxe7 Nxf4 20. gxf4 Bxd4 21.
Qg4 Bc5 22. Rc7 Bd6 23. Rxf7 Kxf7 24. Rb7+ Be7 25. f5 Qxg4+ 0-1

[Event "Live Chess"]
[Site "Chess.com"]
[Date "2024.06.02"]
[Round "-"]
[White "Plimsol"]
[Black "Queensandpawns"]
[Result "1-0"]
[WhiteElo "2367"]
[BlackElo "2281"]
[TimeControl "300"]
[EndTime "7:17:25 PDT"]
[Termination "Plimsol won by resignation"]

1. e4 e5 2. Nf3 Nf6 3. d4 Nc6 4. dxe5 Nxe4 5. Nbd2 Nxd2 6. Qxd2 Bc5 7. Bd3 h6 8. O-O O-O 9. Qf4 d5 10. Qg3 Be6 11. Bxh6 1-0

[Event "Live Chess"]
[Site "Chess.com"]
[Date "2024.06.02"]
[Round "-"]
[White "Dashman93"]
[Black "JohanKjeldahl"]
[Result "1-0"]
[WhiteElo "2148"]
[BlackElo "1795"]
[TimeControl "300"]
[EndTime "7:17:27 PDT"]
[Termination "Dashman93 won by resignation"]

1. d4 Nf6 2. Bf4 d6 3. e3 g6 4. h3 Bg7 5. c4 O-O 6. Nc3 Nbd7 7. Nf3 c5 8. Be2 a6 9. O-O b6 10. a3 Bb7 11. b4 cxb4 12. axb4 Nh5 13. Bh2 e5 14. d5 f5 15. c5 bxc5 16. bxc5 Nxc5 17. Rb1 Qd7 18. Ng5 e4 19. Bxh5 Bxc3 20. Be2 Rfb8 21.
Bc4 Bc8 22. Ne6 Qe7 23. Rxb8 Rxb8 24. Nxc5 1-0

[Event "Live Chess"]
[Site "Chess.com"]
[Date "2024.06.02"]
[Round "-"]
[White "davigator"]
[Black "Kyrylo7770"]
[Result "1-0"]
[WhiteElo "2354"]
[BlackElo "1641"]
[TimeControl "300"]
[EndTime "7:17:30 PDT"]
[Termination "davigator won by resignation"]

1. e4 c6 2. d4 d5 3. e5 Bf5 4. Nf3 c5 5. Be2 e6 6. O-O Nc6 7. Be3 c4 8. b3 cxb3 9. axb3 Nb4 10. Ne1 Be7 11. c3 Nc6 12. b4 Bg5 13. Nd2 Bxe3 14. fxe3 Qg5 15. Rf3 Nh6 16. Rg3 Qe7 17. Nb3 Bg6 18. Nc5 Nf5 19. Rh3 Qg5 20. Qd2 Rb8 21.
b5 Nce7 22. Rxa7 b6 23. Ncd3 Nh4 24. Nf4 Be4 25. Rg3 Qh6 26. Bd3 Nef5 27. Rh3 Qg5 28.
Bxe4 dxe4 29. Qc2 O-O 30. Qxe4 Rfc8 31. Qd3 h6 32. c4 Qg4 33. Kf2 g5 34. Ne2 Qh5 35.
g3 Kh8 36. gxh4 gxh4 37. Rf3 Rg8 38. Qe4 h3 39. Nf4 Qh4+ 40. Ke2 Rg1 41. Ra1 Rbg8 42. Rxh3 Ra8 43. Rxh4 Nxh4 44. Rxa8+ 1-0

[Event "Live Chess"]
[Site "Chess.com"]
[Date "2024.06.02"]
[Round "-"]
[White "bonantagulo"]
[Black "raimundklein"]
[Result "1-0"]
[WhiteElo "2225"]
[BlackElo "1548"]
[TimeControl "300"]
[EndTime "7:17:49 PDT"]
[Termination "bonantagulo won by resignation"]

1. d4 Nf6 2. c4 g6 3. Nc3 Bg7 4. Nf3 O-O 5. e4 d6 6. Be2 e5 7. O-O Nc6 8. d5 Ne7 9. b4 Nh5 10. Re1 f5 11. Ng5 Nf6 12. Bf3 h6 13. Ne6 Bxe6 14.
dxe6 c6 15. g3 fxe4 16. Nxe4 Nxe4 17. Bxe4 Nf5 18. Bb2 Qe7 19. b5 Rac8 20. Qa4 Qxe6 21. bxc6 bxc6 22. Bxc6 Kh7 23. Bd5 Qf6 24. Qxa7 Ne7 25.
Qe3 Nxd5 26. cxd5 Rc2 27. Re2 Rfc8 28. Rae1 Qf7 29. Qd3 R2c5 30. f4 Rxd5 31. Qe4 Qa7+ 32. Kh1 Qxa2 33. Bxe5 Rd2 34. Bxg7 Rxe2 35. Rxe2 Rc1+ 36.
Kg2 Qa7 37. Bd4 1-0

[Event "Live Chess"]
[Site "Chess.com"]
[Date "2024.06.02"]
[Round "-"]
[White "elephantgerrald"]
[Black "r0ad_t0-gm"]
[Result "0-1"]
[WhiteElo "871"]
[BlackElo "2273"]
[TimeControl "300"]
[EndTime "7:17:53 PDT"]
[Termination "r0ad_t0-gm won on time"]

1. e4 Nf6 2. Nc3 d5 3. exd5 Nxd5 4. d4 Nxc3 5. bxc3 f5 6. Bc4 e6 7. Qh5+ g6 8. Qf3 Bg7 9. Ne2 O-O 10. O-O Kh8 11. Nf4 e5 12. dxe5 Bxe5 13. Qh3 Kg7 14.
Qg3 Bf6 15. Nh5+ Kh8 16. Nxf6 Qxf6 17. Bb2 Nc6 18. Bb3 f4 19. Qf3 Ne5 20. Qe4 f3 21.
Rab1 fxg2 22. Qxg2 Qf3 23. Qxf3 Nxf3+ 24. Kg2 Nd2 25. c4+ Rf6 26. c5 Kg7 27. f4 Nxb1 28.
Rf3 Nd2 29. Kg3 Nxf3 30. Bxf6+ Kxf6 31. Kxf3 Be6 32. h3 Bxb3 33. Ke4 Bxa2 0-1

[Event "Live Chess"]
[Site "Chess.com"]
[Date "2024.06.02"]
[Round "-"]
[White "Purple1szed"]
[Black "McFim"]
[Result "1-0"]
[WhiteElo "2006"]
[BlackElo "1777"]
[TimeControl "300"]
[EndTime "7:17:57 PDT"]
[Termination "Purple1szed won by resignation"]

1. e4 c6 2. d4 d5 3. e5 Bf5 4.
h4 h5 5. Bd3 Bxd3 6. Qxd3 e6 7.
Bg5 Qc7 8. Nf3 a6 9. Nbd2 Ne7 10. c4 dxc4 11. Nxc4 Nf5 12. O-O Nd7 13. Rfd1 b5 14. Ne3 Nxe3 15. Qxe3 Be7 16. Bxe7 Kxe7 17. Nd2 Nb6 18.
Ne4 Nc4 19. Qg5+ Kf8 20. Rd3 Qe7 21. Qf4 Nb6 22. Rf3 Nd5 23. Qg3 Kg8 24. Ng5 Rf8 25. Rc1 Qd7 26. Rd3 Rh6 27. Rd2 Ne7 28. Qc3 Rc8 29.
Qf3 Nd5 30. a3 a5 31. Rdc2 b4 32. Rxc6 Rxc6 33. Rxc6 f6 34. Rd6 Qc7 35. Nxe6 Qc1+ 36.
Kh2 Ne7 37. Qa8+ Kf7 38. Qf8+ Kg6 39. Qxg7+ Kf5 40. Qxe7 Qf4+ 41. Nxf4 1-0

[Event "Live Chess"]
[Site "Chess.com"]
[Date "2024.06.02"]
[Round "-"]
[White "beltmanjb"]
[Black "Grace6363"]
[Result "1-0"]
[WhiteElo "1686"]
[BlackElo "1137"]
[TimeControl "300"]
[EndTime "7:18:02 PDT"]
[Termination "beltmanjb won by resignation"]

1. d4 Nf6 2. c4 g6 3. g3 d5 4.
cxd5 Nxd5 5. e4 Nb6 6. Bg2 c6 7. Ne2 Bg7 8. O-O N8d7 9. Nbc3 c5 10. d5 Bxc3 11. Nxc3 Ne5 12. b3 O-O 13. Bb2 c4 14. Ne2 Nd3 15. Bd4 Bg4 16. bxc4 Bxe2 17. Qxe2 Nb4 18. Rab1 e5 19. Bc5 Na6 20. Bxf8 Qxf8 21. Kh1 Nc5 22. f4 Rd8 23. fxe5 Qe7 24. Qf2 Rf8 25.
d6 Qxe5 26. Rb5 Qxd6 27. Qxc5 Qxc5 28. Rxc5 1-0

[Event "Live Chess"]
[Site "Chess.com"]
[Date "2024.06.02"]
[Round "-"]
[White "NottheBishopSacrifice"]
[Black "juniortay"]
[Result "1-0"]
[WhiteElo "2344"]
[BlackElo "2303"]
[TimeControl "300"]
[EndTime "7:18:09 PDT"]
[Termination "NottheBishopSacrifice won on time"]

1. d4 Nf6 2. c4 g6 3. Nf3 Bg7 4. g3 d6 5. Bg2 O-O 6. O-O c6 7. Nc3 Qa5 8. h3 Be6 9. Nd2 Qa6 10. b3 d5 11. c5 b6 12. b4 bxc5 13.
bxc5 Nbd7 14. e3 Ne8 15. Qc2 Nc7 16. Nb3 Rab8 17. Bd2 Bf5 18. Qc1 Nb5 19. Nxb5 Qxb5 20. Re1 Ra8 21. Bf1 Qb7 22. Na5 Qc7 23. Qa3 Rab8 24.
Qa4 Rb2 25. Bc3 Rc2 26. Rac1 Rxc1 27. Rxc1 Nb8 28. Qb4 e5 29. Qb7 Qxb7 30. Nxb7 exd4 31. Bxd4 Bxd4 32. exd4 Bc8 33. Nd6 Ba6 34. Bxa6 Nxa6 35. Rb1 Re8 36. Rb7 Re2 37. Rxa7 Nb4 38. a4 Nd3 39. Rxf7 Ra2 40. Rf3 Nb4 41. Rb3 Nc2 42.
Rb8+ Kg7 43. Rb7+ Kg8 44. Ra7 Nxd4 45. a5 Nf5 46. Ra8+ Kg7 47. a6 d4 48. Ne4 d3 49.
Rd8 Rxa6 50. Rxd3 Ra4 51. Rd7+ Kh6 52. Nf6 Nd4 53. Rxh7+ Kg5 54. Ne4+ Kf5 55. Nd6+ Ke5 56. Rg7 Kd5 57. Rxg6 Kxc5 58. h4 Ra2 59. Ne4+ 1-0

[Event "Live Chess"]
[Site "Chess.com"]
[Date "2024.06.02"]
[Round "-"]
[White "ProfPoisson"]
[Black "matt1979"]
[Result "1-0"]
[WhiteElo "1330"]
[BlackElo "1428"]
[TimeControl "300"]
[EndTime "7:18:37 PDT"]
[Termination "ProfPoisson won by checkmate"]

1. e4 d6 2. Nc3 Nf6 3. f4 e5 4. f5 Be7 5. Bc4 c6 6. Nf3 b5 7. Bb3 a5 8. a3 O-O 9. O-O Bb7 10. d3 Nbd7 11. Qe1 Nc5 12. Qg3 Nxb3 13. cxb3 Re8 14. Bh6 Bf8 15. Bg5 Be7 16. Nh4 Nh5 17. Bxe7 Nxg3 18. Bxd8 Nxf1 19. Rxf1 Raxd8 20. f6 g6 21.
Nf3 d5 22. Ng5 d4 23. Ne2 Rd6 24. h4 h6 25. Nh3 Ree6 26. h5 g5 27. Ng3 Rxf6 28.
Nf5 Rd8 29. Rc1 Bc8 30. Rc5 Bxf5 31. exf5 Rd5 32. Rc2 Rdd6 33. g4 Rd8 34. Nf2 Rfd6 35. Ne4 R6d7 36. Kg2 Rc8 37. Nf6+ Kg7 38. Nxd7 Rd8 39.
Nxe5 Kf6 40. Rc5 Rd5 41. Rxd5 cxd5 42. Nc6 a4 43. Nxd4 Ke5 44. Nxb5 axb3 45. Kf2 d4 46. a4 Kd5 47. a5 Kc5 48. Nc7 Kc6 49. Ne8 Kb5 50. Kf3 Kxa5 51. Ke4 Kb4 52. Kxd4 Kb5 53. Nd6+ Kc6 54. Nxf7 Kc7 55. Nxh6 Kb6 56. f6 Kc6 57. f7 Kd6 58. f8=Q+ Kd7 59. Kd5 Kc7 60.
Qd6+ Kb7 61. Kc5 Ka7 62. Kb5 Kb7 63. Qe7+ Ka8 64. Kb6 Kb8 65. Qf8# 1-0

[Event "Live Chess"]
[Site "Chess.com"]
[Date "2024.06.02"]
[Round "-"]
[White "halfberg"]
[Black "RichardABates"]
[Result "1-0"]
[WhiteElo "1905"]
[BlackElo "2369"]
[TimeControl "300"]
[EndTime "7:18:45 PDT"]
[Termination "halfberg won by resignation"]

1. e4 c5 2. Nf3 d6 3. c3 Nf6 4. Bd3 Nc6 5. O-O g5 6. h3 g4 7. hxg4 Bxg4 8. Bc2 Qd7 9. d4 cxd4 10. cxd4 Bxf3 11. Qxf3 Nxd4 12. Qd1 Nxc2 13. Qxc2 Rg8 14. Nc3 Rxg2+ 15. Kxg2 Qg4+ 16. Kh2 Rc8 17. f3 Qh4+ 18. Kg1 Rc5 19. Qh2 1-0

[Event "Live Chess"]
[Site "Chess.com"]
[Date "2024.06.02"]
[Round "-"]
[White "WorcesterYork"]
[Black "resipsa6"]
[Result "1-0"]
[WhiteElo "2451"]
[BlackElo "2025"]
[TimeControl "300"]
[EndTime "7:19:03 PDT"]
[Termination "WorcesterYork won by resignation"]

1. e4 e5 2. Nf3 Nf6 3. Nxe5 d6 4.
Nf3 Nxe4 5. Nc3 Nxc3 6. dxc3 Be7 7. Bd3 Be6 8. Be3 Nc6 9. a4 Ne5 10. Nxe5 dxe5 11. a5 a6 12. Be4 Qxd1+ 13. Rxd1 c6 14.
Bb6 O-O 15. b3 Bd8 16. c4 Bxb6 17. axb6 Rfd8 18. Ke2 Kf8 19. g3 h6 20. h3 Ke7 21.
g4 Rxd1 22. Rxd1 Rd8 23. Rxd8 Kxd8 24. c5 Ke7 25. Bxc6 Bc8 26. Be4 g6 27. c6 1-0